 Dungeon Crawl Stone Soup version 0.30.0-17-ge0270778cf (webtiles) character file.

Game seed: 14961413163576250553

1336 boopmooplesden the Covered (level 8, -2/69 HPs)
             Began as a Minotaur Fighter on May 22, 2023.
             Was an Initiate of Trog.
             Killed by vampiric draining
             ... invoked by a vampire
              (19 damage)
             ... on level 6 of the Dungeon.
             The game lasted 00:06:36 (4675 turns).

boopmooplesden the Covered (Minotaur Fighter)       Turns: 4675, Time: 00:06:36

Health: -2/69      AC: 11    Str: 23    XL:     8   Next: 35%
Magic:  7/7        EV:  8    Int: 10    God:    Trog [......]
Gold:   388        SH:  0    Dex: 10    Spells: 7/7 levels left

rFire   . . .        k - +5 spear of Prudence {heavy, Int+5 Stlth-}
rCold   . . .        o - +0 tower shield
rNeg    . . .        b - +0 scale mail
rPois   .            (helmet restricted)
rElec   .            w - +2 cloak
rCorr   .            (no gloves)
SInv    .            (no boots)
Will    .....        (no amulet) Stlth
                     (no ring)
HPRegen 0.31/turn    (no ring)
MPRegen 0.10/turn

%: no passive effects
@: confused, mighty
A: horns 2, retaliatory headbutt
a: Renounce Religion


You were on level 6 of the Dungeon.
You worshipped Trog.
Trog was noncommittal.
You visited 2 branches of the dungeon, and saw 7 of its levels.

You collected 388 gold pieces.

Inventory:

Hand Weapons
 a - a +0 long sword of chaos
 k - the +5 spear of Prudence (weapon) {heavy, Int+5 Stlth-}
   (You found it on level 2 of the Dungeon)

   Int:       It affects your intelligence (+5).
   Stlth:     It makes you less stealthy.
Armour
 b - a +0 scale mail (worn)
 c - a +0 buckler
 o - a +0 tower shield (worn)
 w - a +2 cloak (worn)
Scrolls
 e - a scroll of identify
 f - 2 scrolls of teleportation
 h - a scroll of immolation
 t - 4 scrolls of poison {unknown}
 u - a scroll of blinking {unknown}
 v - a scroll of amnesia {unknown}
Potions
 g - 3 potions of lignification
 i - 2 potions of curing
 j - a potion of ambrosia
 l - a potion of heal wounds
 m - 2 potions of mutation
 n - a potion of attraction {unknown}
 p - a potion of haste {unknown}
 q - a potion of berserk rage {unknown}
 r - a potion of flight {unknown}
 s - a potion of degeneration {unknown}


   Skills:
 + Level 5.4 Fighting
 + Level 4.4 Long Blades
 + Level 5.3 Polearms
 + Level 7.2 Armour
 + Level 2.6 Dodging
 + Level 0.6 Stealth
 + Level 6.9 Shields


You had 7 spell levels left.
You didn't know any spells.
Your spell library contained the following spells:

 Spells                   Type           Power      Damage    Failure   Level
 Beastly Appendage        Tmut           0%         N/A       99%         1
 Wereblood                Tmut           0%         N/A       99%         2
 Spider Form              Tmut/Pois      0%         N/A       100%        3


Dungeon Overview and Level Annotations

Branches:
Dungeon (6/15)             Temple (1/1) D:4

Altars:
Ashenzari
Dithmenos
Elyvilon
Fedhas
Gozag
Hepliaklqana
Kikubaaqudgha
Nemelex Xobeh
Okawaru
Qazlal
Ru
Sif Muna
Trog
Uskayaw
Vehumet
Wu Jian
Yredelemnul
Zin
The Shining One

Shops:
D:5 =

Annotations:
D:4 Monkooky's ghost, amateur MiFi


Innate Abilities, Weirdness & Mutations

You have a pair of horns on your head.
You reflexively headbutt those who attack you in melee.


Message History

You kill the gnoll sergeant!
Trog accepts your kill. You block the gnoll's attack.
The gnoll hits you from afar with a +0 halberd.
The gnoll hits you but does no damage. You block the gnoll's attack.
Things that are here:
a +3 trident of flaming; a +0 scale mail; a +0 kite shield You puncture the gnoll!
You kill the gnoll!
Trog accepts your kill. The gnoll barely misses you.
The gnoll hits you but does no damage.
You hear some strange, mumbled words.
Something tries to affect you, but you resist.
You block the gnoll's attack. You block something's attack.
Something bites you!
Something draws strength from your injuries!
You see here a +0 halberd.
You puncture the gnoll!
You kill the gnoll!
Trog accepts your kill. Something hits you.
Something bites you but does no damage. You block something's attack. x2
Things that are here:
a +0 halberd; a gnoll corpse You hit something but do no damage.
Something hits you. Something bites you but does no damage.
You barely miss something. Something hits you but does no damage.
Something bites you.
* * * LOW HITPOINT WARNING * * *
Something draws strength from your injuries!
You block something's attack. Something bites you but does no damage.
You hit something. You headbutt something.
Something hits you but does no damage. Something bites you.
* * * LOW HITPOINT WARNING * * *
Something draws strength from your injuries!
You puncture something!
You hear some strange, mumbled words.
You are confused.
Something draws life force from you!!
You die...

###### ##. ... .$ ..#
#. #.# ######.##.# ###
........{@#####.#####.#
#####.###)))...#......#
# #.#####..###### #.#
#.(# #.#####..#######.
.................
#.###.#..#######.
#.###.#..####
#...........#


There were no monsters in sight!

Vanquished Creatures
  Duvessa (D:5)
  3 black bears (D:5)
  An ogre (D:5)
  2 centaurs (D:5)
  A phantom (D:5)
  A gnoll sergeant (D:6)
  Blork the orc (D:5)
  2 scorpions
  Dowan (D:5)
  2 hounds
  Crazy Yiuf (D:5)
  2 iguanas (D:5)
  10 adders
  3 gnolls (D:6)
  2 shadow imps
  An ufetubus (D:4)
  A worm (D:2)
  5 dart slugs
  10 orcs
  2 ball pythons
  3 bats
  4 endoplasms
  6 giant cockroaches
  7 goblins
  8 hobgoblins
  6 jackals
  3 frilled lizards
  7 kobolds
  A rat (D:1)
97 creatures vanquished.

Notes
Turn   | Place    | Note
-------+----------+-------------------------------------------
     0 | D:1      | boopmooplesden the Minotaur Fighter began the quest for the
                  | Orb.
     0 | D:1      | Reached XP level 1. HP: 19/19 MP: 0/0
   119 | D:1      | Reached skill level 4 in Armour
   119 | D:1      | Reached XP level 2. HP: 27/27 MP: 1/1
   579 | D:2      | Reached XP level 3. HP: 21/33 MP: 2/2
   940 | D:2      | Reached XP level 4. HP: 34/40 MP: 3/3
  1088 | D:2      | Identified the +5 spear of Prudence {heavy, Int+5 Stlth-}
  1746 | D:3      | Reached XP level 5. HP: 41/46 MP: 4/4
  2252 | D:4      | Reached skill level 5 in Armour
  2303 | D:4      | Reached skill level 1 in Polearms
  2372 | D:4      | Found a staircase to the Ecumenical Temple.
  2393 | Temple   | Entered the Ecumenical Temple
  2659 | D:4      | Found a runed translucent door.
  2663 | D:4      | Noticed Monkooky's ghost (amateur MiFi)
  3059 | D:5      | Entered Level 5 of the Dungeon
  3059 | D:5      | Found Jadexkef's Jewellery Emporium.
  3065 | D:5      | Noticed a centaur
  3069 | D:5      | Killed a centaur
  3070 | D:5      | Reached skill level 1 in Dodging
  3070 | D:5      | Reached XP level 6. HP: 44/52 MP: 5/5
  3149 | D:5      | Found a glowing silver altar of Zin.
  3153 | D:5      | Found a basalt altar of Yredelemnul.
  3300 | D:5      | Reached skill level 6 in Armour
  3300 | D:5      | Reached skill level 5 in Shields
  3352 | D:5      | Reached XP level 7. HP: 60/60 MP: 6/6
  3400 | D:5      | Found a bloodstained altar of Trog.
  3408 | D:5      | Became a worshipper of Trog the Wrathful
  3558 | D:5      | Noticed Dowan
  3559 | D:5      | Noticed Duvessa
  3586 | D:5      | Killed Duvessa
  3588 | D:5      | Reached skill level 5 in Fighting
  3590 | D:5      | Killed Dowan
  3738 | D:5      | Found an opulent altar of Gozag.
  3785 | D:5      | Found a runed translucent door.
  3786 | D:5      | Noticed Crazy Yiuf
  3815 | D:5      | Noticed Blork the orc
  3823 | D:5      | Reached skill level 7 in Armour
  3823 | D:5      | Reached XP level 8. HP: 45/68 MP: 7/7
  3825 | D:5      | Killed Blork the orc
  4245 | D:5      | Killed Crazy Yiuf
  4246 | D:5      | Reached skill level 5 in Polearms
  4582 | D:6      | Found an iron altar of Okawaru.
  4675 | D:6      | Killed from afar by a vampire

Illustrated notes

Levels and vault maps discovered:
D:1:      saegor_arrival_miasma, layout_basic
D:2:      layout_loops_cross, kennysheep_doodads, serial_bayou_pond_d,
          minmay_misc_feat_room
D:3:      layout_loops_ring
D:4:      layout_loops_ring, temple_statues, gammafunk_ghost_grave
D:5:      layout_loops_ring, trog_book, grunt_gozag_statues,
          jmf_multi_god_temple, serial_shops, nicolae_stop_n_shop_2,
          hangedman_glass_teeth, st_stairs_13, uniq_blork_the_orc, uniq_duvessa,
          uniq_crazy_yiuf_cottage
D:6:      layout_loops_ring, mainiacjoe_overflow_six_doors_small, serial_shops,
          nicolae_shop_window_shopping, hangedman_abyss_or_decor_passed,
          kennysheep_generic_room_12
Temple:   compressed_dpeg_circular_temple

Skill      XL: |  1  2  3  4  5  6  7  8 |
---------------+-------------------------+-----
Armour         | 4 5 6 7 |  7.2
Long Blades    | 3 4 |  4.4
Fighting       | 4 5 |  5.4
Shields        | 4 5 6 |  6.9
Polearms       | 2 3 4 5 |  5.3
Dodging        | 1 2 |  2.6
Stealth        | |  0.6

Action                     |  1- 3 |  4- 6 |  7- 9 || total
---------------------------+-------+-------+-------++-------
  Melee: Long sword        |    89 |    16 |       ||   105
         Headbutt          |     8 |    12 |    15 ||    35
         Spear             |       |    74 |    74 ||   148
    Use: Scroll            |     1 |    10 |     1 ||    12
         Potion            |       |       |     2 ||     2
 Armour: Scale mail        |    53 |    37 |    39 ||   129
  Dodge: Dodged            |    54 |    48 |    28 ||   130
  Block: Buckler           |    25 |    10 |       ||    35
         Tower shield      |       |    57 |    67 ||   124
